 Dungeon Crawl Stone Soup version 0.26.0-18-gc5c842f807 (webtiles) character file.

Game seed: 9140101353087375663

966 lessens the Spear-Bearer (level 8, -11/54 HPs)
             Began as a Merfolk Conjurer on Jan 22, 2021.
             Killed from afar by an orc wizard (12 damage)
             ... with a puff of frost
             ... on level 5 of the Dungeon.
             The game lasted 00:12:32 (9389 turns).

lessens the Spear-Bearer (Merfolk Conjurer)         Turns: 9389, Time: 00:12:32

Health: -11/54     AC:  2    Str:  9    XL:     8   Next: 15%
Magic:  12/12      EV: 14    Int: 18    God:
Gold:   199        SH:  0    Dex: 12    Spells: 11/12 levels left

rFire    . . .     SeeInvis .   t - +0 halberd (freeze)
rCold    . . .     Faith    .   (shield currently unavailable)
rNeg     . . .     Spirit   .   a - +0 robe
rPois    .         Reflect  .   (no helmet)
rElec    .         Harm     .   (no cloak)
rCorr    .         Rampage  .   (no gloves)
Will     .....                  (no boots)
Stlth    ++........             (no amulet)
HPRegen  0.18/turn              (no ring)
MPRegen  0.13/turn              (no ring)

@: no status effects
A: change form in water, swift swim, stealthy swim
a: no special abilities


You were on level 5 of the Dungeon.
You visited 1 branch of the dungeon, and saw 5 of its levels.

You collected 199 gold pieces.

Inventory:

Hand Weapons
 d - a +0 whip
 o - a +0 dagger of venom
 p - a +0 halberd
 t - a +0 halberd of freezing (weapon)
Missiles
 b - 150 stones
 c - 36 poisoned darts (quivered)
Armour
 a - a +0 robe (worn)
 x - a +0 pair of boots
 z - a +0 helmet
Wands
 q - a wand of flame (10)
Scrolls
 g - 3 scrolls of teleportation {unknown}
 h - a scroll of blinking {unknown}
 i - a scroll of noise {unknown}
 j - 2 scrolls of magic mapping {unknown}
 n - a scroll of enchant weapon {unknown}
 r - a scroll of random uselessness {unknown}
 u - a scroll of immolation {unknown}
 v - a scroll of remove curse {unknown}
 y - a scroll of silence {unknown}
 B - a scroll of identify
Potions
 e - a potion of curing
 f - a potion of haste {unknown}
 k - a potion of attraction
 l - a potion of mutation
 m - a potion of heal wounds {unknown}
 s - a potion of invisibility
 A - a potion of flight {unknown}


   Skills:
 - Level 1.5 Fighting
 * Level 10.8 Polearms
 + Level 5.0 Dodging
 - Level 2.1 Stealth
 - Level 2.6 Spellcasting
 - Level 3.6 Conjurations


You had 11 spell levels left.
You knew the following spells:

 Your Spells              Type           Power        Failure   Level
a - Magic Dart            Conj           60%          3%          1

Your spell library contained the following spells:

 Spells                   Type           Power        Failure   Level
 Searing Ray              Conj           30%          5%          2
 Dazzling Flash           Conj/Hex       18%          24%         3
 Confusing Touch          Hex            2%           45%         3
 Gell's Gravitas          Tloc           1%           45%         3
 Fulminant Prism          Conj/Hex       4%           61%         4
 Iskenderun's Mystic Bla  Conj/Tloc      9%           61%         4
 Petrify                  Tmut/Erth      2%           86%         4
 Metabolic Englaciation   Hex/Ice        1%           99%         5
 Yara's Violent Unravell  Hex/Tmut       1%           99%         5


Dungeon Overview and Level Annotations

Branches:
Dungeon (5/15)
 Temple: D:4-7

Altars:
Makhleb
Xom
The Shining One


Message History

* * * LOW HITPOINT WARNING * * *
Evoke which item? (* to show all) (? for menu, Esc to quit)
Aiming: Throw Flame
Press: ? - help, Shift-Dir - straight line, f - you You can't see any hostile targets that would be affected.
The puff of flame hits something.
Something hits you but does no damage.
Evoke which item? (* to show all) (? for menu, Esc to quit)
Aiming: Throw Flame
Press: ? - help, Shift-Dir - straight line, f - you You can't see any hostile targets that would be affected.
The puff of flame hits something but does no damage.
Something hits you but does no damage. x2
Evoke which item? (* to show all) (? for menu, Esc to quit)
Aiming: Throw Flame
Press: ? - help, Shift-Dir - straight line, f - you You can't see any hostile targets that would be affected.
You hear some strange, mumbled words.
A puff of frost appears from out of thin air!
The puff of frost hits you!
You die...

##..# #..# ##.##
#..# #..#
###..###
##......##
###{.......#
#.)@.##.......
#...)####.......
......# #.......
##..## .......
## ....... ....


There were no monsters in sight!

Vanquished Creatures
  3 ogres
  A crimson imp (D:3)
  2 orc wizards
  Ijyb (D:3)
  An iguana (D:4)
  A hound zombie (D:5)
  A worker ant zombie (D:5)
  4 adders
  36 gnolls
  3 river rats (D:3)
  5 worms
  3 dart slugs
  A leopard gecko (D:3)
  7 orcs
  4 giant cockroaches
  3 goblins
  7 hobgoblins
  18 jackals
  13 kobolds
  A quokka (D:2)
  2 ball pythons
  7 bats
  5 frilled lizards
  9 rats
138 creatures vanquished.

Notes
Turn   | Place    | Note
-------+----------+-------------------------------------------
     0 | D:1      | lessens the Merfolk Conjurer began the quest for the Orb.
     0 | D:1      | Reached XP level 1. HP: 13/13 MP: 3/3
   297 | D:1      | Reached XP level 2. HP: 19/19 MP: 3/5
  1443 | D:2      | You fall into a shaft and drop 1 floor!
  1504 | D:2      | Reached XP level 3. HP: 19/24 MP: 0/6
  2771 | D:2      | Reached XP level 4. HP: 27/31 MP: 6/8
  2989 | D:2      | Reached skill level 1 in Fighting
  4038 | D:3      | Reached skill level 1 in Polearms
  4046 | D:3      | Reached skill level 2 in Polearms
  4046 | D:3      | Reached XP level 5. HP: 23/37 MP: 9/9
  4316 | D:3      | Reached skill level 3 in Polearms
  4379 | D:2      | Reached skill level 4 in Polearms
  5202 | D:3      | Reached skill level 5 in Polearms
  5303 | D:3      | Reached XP level 6. HP: 41/43 MP: 10/10
  5452 | D:3      | Noticed Ijyb
  5466 | D:3      | Killed Ijyb
  5800 | D:3      | Reached skill level 6 in Polearms
  6389 | D:3      | Reached skill level 7 in Polearms
  7056 | D:3      | Reached XP level 7. HP: 48/48 MP: 11/11
  7074 | D:3      | Reached skill level 8 in Polearms
  7342 | D:3      | Reached skill level 9 in Polearms
  7841 | D:3      | Found a shimmering altar of Xom.
  7842 | D:3      | Found a burning altar of Makhleb.
  7982 | D:4      | HP: 2/48 [orc wizard/+0 dagger (3)]
  8375 | D:4      | Reached skill level 10 in Polearms
  8879 | D:4      | Found a glowing golden altar of the Shining One.
  8981 | D:5      | Entered Level 5 of the Dungeon
  9123 | D:5      | Reached XP level 8. HP: 51/54 MP: 12/12
  9359 | D:5      | Reached skill level 5 in Dodging
  9386 | D:5      | HP: 2/54 [something (1)]
  9389 | D:5      | Killed from afar by an orc wizard

Illustrated notes

Levels and vault maps discovered:
D:1:      dpeg_arrival_round_b, layout_basic
D:2:      layout_loops_corners
D:3:      lemuel_castle_with_subvaults [lemuel_castle_interior_carwin_3],
          layout_rooms, grunt_temple_overflow_champion_of_chaos,
          portal_sewer_entry_b, uniq_ijyb
D:4:      layout_rooms, minmay_misc_feat_four_crosses,
          hangedman_decor_peaks_small, serial_bayou_pond_d,
          nicolae_tso_swordbearing_angel
D:5:      layout_layer_cave, grunt_ministairs_9, uniq_eustachio

Skill      XL: |  1  2  3  4  5  6  7  8 |
---------------+-------------------------+-----
Dodging        | 3 4 5 |  5.0
Fighting       | 1 |  1.5
Polearms       | 2 5 7 10 | 10.8
Stealth        | |  2.1
Spellcasting   | |  2.6
Conjurations   | |  3.6

Action                   |  1- 3 |  4- 6 |  7- 9 || total
-------------------------+-------+-------+-------++-------
Melee: Whip              |    57 |    23 |       ||    80
       Dagger            |       |   194 |   149 ||   343
       Tailslap          |       |    11 |     1 ||    12
       Halberd           |       |     2 |    42 ||    44
Throw: Dart              |    16 |    22 |    15 ||    53
 Cast: Magic Dart        |    79 |    40 |       ||   119
Evoke: Wand              |       |       |     5 ||     5
  Use: Potion            |       |       |     5 ||     5
       Scroll            |       |       |     2 ||     2
 Stab: Sleeping          |     1 |       |     1 ||     2
       Distracted        |       |       |     1 ||     1
Armor: Robe              |     3 |    13 |    19 ||    35
Dodge: Dodged            |    51 |   187 |   116 ||   354
